 Dungeon Crawl Stone Soup version 0.28.0 (webtiles) character file.

Game seed: 10178494268570942968

4048 inmateoo the Cleaver (level 10, -8/64 (66) HPs)
             Began as a Formicid Warper on Feb 15, 2022.
             Was a Follower of Hepliaklqana.
             Mangled by a hornet (11 damage)
             ... on level 6 of the Dungeon.
             The game lasted 00:12:06 (13390 turns).

inmateoo the Cleaver (Formicid Warper)             Turns: 13390, Time: 00:12:06

HP:   -8/64 (66)    AC:  9    Str: 20    XL:     10   Next: 48%
MP:   13/13         EV: 12    Int: 13    God:    Hepliaklqana [*.....]
Gold: 2             SH:  0    Dex: 10    Spells: 13/13 levels left

rFire   . . .      SeeInvis +   f - +3 war axe
rCold   . . .      Faith    .   (no shield)
rNeg    . . .      Spirit   .   l - +1 scale mail
rPois   .          Reflect  .   (helmet unavailable)
rElec   .          Harm     .   (no cloak)
rCorr   +          Rampage  .   (no gloves)
Will    +....                   (no boots)
Stlth   ..........              j - amulet of regeneration
HPRegen 1.00/turn               d - ring of resist corrosion
MPRegen 0.13/turn               (no ring)

@: mighty, lethally poisoned (-8 -> -13), lightly drained
A: reduced essence, permanent stasis, dig shafts and tunnels, antennae 3, four
strong arms
a: Dig, Shaft Self, Renounce Religion, Recall Ancestor, Ancestor Identity


You were on level 6 of the Dungeon.
You worshipped Hepliaklqana.
Hepliaklqana was aware of your devotion.
You visited 2 branches of the dungeon, and saw 8 of its levels.

You collected 344 gold pieces.
You spent 342 gold pieces at shops.

Inventory:

Hand Weapons
 a - a +1 hand axe of flaming
 e - a +2 short sword of venom
 f - a +3 war axe (weapon)
 t - a +2 morningstar of freezing
Missiles
 c - 5 boomerangs of dispersal (quivered)
Armour
 l - a +1 scale mail (worn)
Jewellery
 d - a ring of resist corrosion (left hand)
 j - an amulet of regeneration (around neck)
Wands
 u - a wand of flame (24)
Scrolls
 g - 2 scrolls of amnesia
 m - a scroll of fog
Potions
 b - a potion of mutation {unknown}
 h - a potion of experience {unknown}
 i - 2 potions of heal wounds
 k - a potion of cancellation {unknown}
 n - 2 potions of degeneration {unknown}
 o - a potion of ambrosia {unknown}
 p - a potion of brilliance
 q - a potion of attraction {unknown}
 r - a potion of haste {unknown}
 s - a potion of flight {unknown}
 v - a potion of berserk rage {unknown}
 w - a potion of might


   Skills:
 - Level 5.0 Fighting
 - Level 10.0 Axes
 - Level 1.0 Throwing
 + Level 7.8 Armour
 + Level 6.7 Dodging
 - Level 2.1 Spellcasting
 - Level 2.6 Translocations


You had 13 spell levels left.
You didn't know any spells.
Your spell library contained the following spells:

 Spells                   Type           Power      Damage    Failure   Level
 Freeze                   Ice            4%         1d3       54%         1
 Gell's Gravitas          Tloc           8%         N/A       54%         3
 Lesser Beckoning         Tloc           8%         N/A       54%         3
 Teleport Other           Tloc           8%         N/A       54%         3
 Frozen Ramparts          Ice            2%         1d2       88%         3
 Hailstorm                Conj/Ice       1%         3d3       99%         4
 Manifold Assault         Tloc           8%         N/A       99%         5
 Fireball                 Conj/Fire      0%         3d3       100%        5
 Iskenderun's Battlesphe  Conj           1%         2d6       100%        5
 Conjure Ball Lightning   Conj/Air       0%         3x3d6     100%        6
 Orb of Destruction       Conj           0%         9d5       100%        7
 Blink                    Tloc           Unusable   N/A       N/A         2

Dungeon Overview and Level Annotations

Branches:
Dungeon (7/15)             Temple (1/1) D:5

Altars:
Cheibriados
Dithmenos
Elyvilon
Gozag
Hepliaklqana
Kikubaaqudgha
Makhleb
Nemelex Xobeh
Okawaru
Sif Muna
Trog
Uskayaw
Vehumet
Xom
Yredelemnul
Zin
The Shining One

Shops:
D:4 (   D:5 (   D:7 !


Innate Abilities, Weirdness & Mutations

Your life essence is reduced to manifest your ancestor. (-10% HP)
You cannot be hasted, slowed, berserked, paralysed or teleported.
You can dig through walls and to a lower floor.
You have a pair of large antennae on your head. (SInv)
Your four strong arms can wield two-handed weapons with a shield.


Message History

The hornet stings you!
* * * LOW HITPOINT WARNING * * *
Your stasis prevents you from being slowed.
There is a stone staircase leading up here.
You feel sick.
You are no longer poisoned.
The hornet barely misses you.
You climb upwards.
There is a stone staircase leading down here.
Agathocles is still trapped in memory!
You feel much better. The hornet barely misses you.
The hornet closely misses you.
You feel very mighty all of a sudden.
The hornet stings you but does no damage.
You barely miss the hornet.
The hornet stings you but does no damage.
The hornet stings you.
Your stasis prevents you from being slowed.
You barely miss the hornet. The hornet stings you.
You are poisoned.
Your stasis prevents you from being paralysed.
You slash the hornet!
The hornet is heavily wounded.
You feel very sick. The hornet completely misses you. The hornet stings you!
Your stasis prevents you from being slowed.
You hit the hornet.
The hornet is heavily wounded.
You feel sick. The hornet stings you!
* * * LOW HITPOINT WARNING * * *
You are more poisoned.
Your stasis prevents you from being paralysed.
You hit the hornet but do no damage.
The hornet is heavily wounded.
You feel very sick. The hornet stings you!
* * * LOW HITPOINT WARNING * * *
Your stasis prevents you from being slowed.
The hornet stings you!
You die...

###########
#########.........#
#..........#......######
#.#.....y@........'....##
#.'...............####..#
###..........)....# ###'##
#...............# #....#
#######'#...####### #....#
#.......#...###### #....#
#.####..#........# ####..
#.# #..#.#.####.########.
#.####....................


You could see a hornet.

Vanquished Creatures
  2 steam dragons
  Menkaure (D:5)
  2 water moccasins
  An orc warrior (D:6)
  2 sky beasts (D:5)
  A hornet zombie (D:6)
  An ice beast (D:7)
  A black bear (D:6)
  3 necrophages
  2 centaurs (D:5)
  4 ogres
  A phantom (D:5)
  3 scorpions
  A water moccasin zombie (D:5)
  A gnoll sergeant (D:3)
  A wyvern skeleton (D:7)
  3 water moccasin skeletons (D:5)
  4 killer bees (D:7)
  5 wights
  A bullfrog skeleton (D:7)
  A centaur zombie (D:6)
  2 jellies
  A gnoll shaman (D:5)
  7 hounds
  3 orc priests (D:4)
  Jessica (D:2)
  5 iguanas
  Natasha (D:4)
  2 orc wizards
  A killer bee zombie (D:6)
  Robin (D:4)
  14 adders
  4 gnolls
  A shadow imp (D:5)
  A white imp (D:6)
  4 adder skeletons
  A worm (D:5)
  2 dart slugs
  24 orcs
  8 ball pythons
  10 bats
  6 endoplasms
  2 giant cockroaches
  11 goblins
  14 hobgoblins
  10 kobolds
  4 quokkas
  3 frilled lizards
  6 rats
190 creatures vanquished.

Vanquished Creatures (collateral kills)
  A centaur (D:7)
  A bullfrog (D:7)
  A killer bee (D:7)
3 creatures vanquished.

Vanquished Creatures (others)
  An ancestor (D:7)
  An adder (D:5)
2 creatures vanquished.

Grand Total: 195 creatures vanquished

Notes
Turn   | Place    | Note
-------+----------+-------------------------------------------
     0 | D:1      | inmateoo the Formicid Warper began the quest for the Orb.
     0 | D:1      | Reached XP level 1. HP: 16/16 MP: 3/3
    60 | D:1      | Reached XP level 2. HP: 8/23 MP: 5/5
   609 | D:1      | Found a faded altar of an unknown god.
   636 | D:1      | Reached XP level 3. HP: 25/28 MP: 6/6
   640 | D:1      | Reached skill level 3 in Axes
  1236 | D:2      | Noticed Jessica
  1241 | D:2      | Reached XP level 4. HP: 31/35 MP: 7/7
  1246 | D:2      | Killed Jessica
  2144 | D:2      | Reached skill level 4 in Axes
  2256 | D:2      | Reached XP level 5. HP: 41/41 MP: 8/8
  5522 | D:3      | Reached XP level 6. HP: 11/48 MP: 9/9
  6202 | D:3      | Reached skill level 5 in Axes
  6852 | D:4      | Reached XP level 7. HP: 49/54 MP: 10/10
  6963 | D:4      | Noticed Natasha
  6975 | D:4      | Killed Natasha
  7111 | D:4      | Noticed Robin
  7185 | D:4      | Killed Robin
  7202 | D:4      | You fall into a shaft and drop 2 floors!
  7226 | D:5      | Entered Level 5 of the Dungeon
  8121 | D:5      | Reached XP level 8. HP: 57/61 MP: 11/11
  8132 | D:5      | Reached skill level 6 in Axes
  8540 | D:4      | Reached skill level 5 in Fighting
  8809 | D:4      | Found Jinlysot's Antique Weapon Boutique.
  8819 | D:4      | Bought a polished short sword for 160 gold pieces
  8819 | D:4      | Identified the +6 short sword of Gallantry {drain, *Corrode
                  | rC+ rN+ Dex+3} (You bought it in a shop on level 4 of the
                  | Dungeon)
  8930 | D:5      | Found a bloodstained altar of Trog.
  9141 | D:5      | Reached skill level 7 in Axes
  9533 | D:5      | Found a staircase to the Ecumenical Temple.
  9660 | D:5      | Reached XP level 9. HP: 24/68 MP: 12/12
  9859 | D:5      | Reached skill level 5 in Armour
 10014 | Temple   | Entered the Ecumenical Temple
 10248 | Temple   | Became a worshipper of Hepliaklqana the Forgotten
 10288 | D:5      | Found an ancient bone altar of Kikubaaqudgha.
 10325 | D:5      | Reached skill level 8 in Axes
 11042 | D:5      | Reached skill level 5 in Dodging
 11484 | D:5      | Found an iron altar of Okawaru.
 11706 | D:5      | Noticed Menkaure
 11707 | D:5      | Found Taunle's Weapon Boutique.
 11712 | D:5      | Killed Menkaure
 11751 | D:5      | Reached skill level 9 in Axes
 11961 | D:6      | Found an ancient bone altar of Kikubaaqudgha.
 12155 | D:6      | Reached XP level 10. HP: 74/74 MP: 13/13
 12669 | D:7      | Reached skill level 10 in Axes
 12733 | D:7      | Reached * piety under Hepliaklqana
 13233 | D:7      | Found Pusuezich's Distillery.
 13239 | D:7      | Bought a potion of heal wounds for 70 gold pieces
 13239 | D:7      | Bought a potion of might for 56 gold pieces
 13239 | D:7      | Bought a potion of might for 56 gold pieces
 13372 | D:7      | Noticed a two-headed ogre
 13390 | D:6      | HP: 3/64 [hornet (8)]
 13390 | D:6      | Mangled by a hornet

Illustrated notes

Levels and vault maps discovered:
D:1:      amcnicky_arrival_single_pillar, layout_basic,
          hellmonk_ecumenical_altar_inner_sanctum, st_stairs_1
D:2:      layout_basic, serial_park_tiny_pond, uniq_jessica
D:3:      layout_loops_ring, minmay_divided_ellipse
D:4:      layout_gridville, chequers_ossuary_entry_cave, serial_shops,
          nicolae_lakefront_shop, st_stairs_8, uniq_robin, uniq_natasha
D:5:      layout_gridville, trog_butcher_becter, temple_doors_e, serial_shops,
          nicolae_shop_bloodbath_and_beyond, hangedman_feature_mirror,
          grunt_tough_drop, uniq_menkaure
D:6:      layout_basic, kiku_gazebo_pond_becter
D:7:      layout_loops_ring, serial_shops, shop_coins, hangedman_decor_push
Temple:   eino_temple_water

Skill      XL: |  1  2  3  4  5  6  7  8  9 10 |
---------------+-------------------------------+-----
Axes           | 3 4 5 7 9 10 | 10.0
Fighting       | 3 4 5 |  5.0
Dodging        | 2 3 4 5 6 |  6.7
Armour         | 2 3 4 6 7 |  7.8
Throwing       | |  1.0
Spellcasting   | |  2.1
Translocations | |  2.6

Action                   |  1- 3 |  4- 6 |  7- 9 | 10-12 || total
-------------------------+-------+-------+-------+-------++-------
Melee: Hand axe          |    82 |   115 |   125 |       ||   322
       Punch             |       |     4 |     6 |     1 ||    11
       War axe           |       |   120 |       |   125 ||   245
       Short sword       |       |     9 |   124 |       ||   133
       Spear             |       |       |   150 |       ||   150
       Unarmed           |       |       |    20 |       ||    20
       Morningstar       |       |       |    10 |     5 ||    15
 Abil: Dig               |       |       |     1 |     1 ||     2
  Use: Scroll            |     1 |     7 |     3 |     1 ||    12
       Potion            |       |       |     4 |     3 ||     7
Armor: Leather armour    |    33 |    16 |       |       ||    49
       Scale mail        |       |    54 |   124 |    49 ||   227
       Skin              |       |       |    43 |       ||    43
Dodge: Dodged            |    55 |   173 |   181 |    82 ||   491
